AoeStats
← 黑暗中漫舞.

Oasis

508643312Analyzed
3v3 RM · 8d ago on Sep 23, 2026· 55m 34s· 6 players
Game mode
Random Map
Map size
Normal (6 player)
Population
200
Speed
Normal
Resources
Standard
Victory
Conquest
Starting age
Dark Age
Ending age
Imperial Age
RankedLock teamsTeams togetherTeam positionsShared explorationLock speedFull tech treeHidden civsTurbo modeCheats
Victory
Defeat
🇮🇹 Saxons · Italy
1867
+13
🇮🇹 Varangians · Italy
1832
+14
🇮🇹 Britons · Italy
1605
+24
🇨🇳 Varangians · China
1875
-20
🇨🇳 Japanese · China
1804
-18
🇨🇳 Danes · China
1687
-13
ITA | Killer_Storm_
6:08 Loom
8:25 Feudal Age
9:04 Double-Bit Axe
13:57 Fletching
21:09 Castle Age
21:22 Crossbowman
21:58 Bodkin Arrow
22:34 Bow Saw
23:05 Wheelbarrow
22:15 Town Watch
23:05 Horse Collar
26:35 Padded Archer Armor
28:03 Hand Cart
28:43 Ballistics
29:13 Thumb Ring
29:27 Gold Mining
31:38 Leather Archer Armor
34:50 Imperial Age
34:12 Pikeman
34:52 Squires
34:51 Arbalester
35:33 Bracer
36:37 Chemistry
36:42 Conscription
35:55 Halberdier
38:31 Scale Mail Armor
38:41 Forging
41:42 Chain Mail Armor
43:35 Plate Mail Armor
43:40 Iron Casting
42:35 Shield Wall
45:49 Elite Varangian Guard
46:20 Clerical Recruitment
47:19 Caravan
47:13 Arson
48:03 Ring Archer Armor
47:41 Elite Skirmisher
48:24 Gambesons
ITA | Brain-rot
5:51 Loom
8:34 Feudal Age
9:53 Double-Bit Axe
10:23 Horse Collar
11:58 Loom
19:40 Castle Age
18:38 Gold Mining
19:49 Bloodlines
19:51 Scale Barding Armor
26:32 Husbandry
27:20 Chain Barding Armor
28:17 Wheelbarrow
29:06 Forging
30:32 Iron Casting
32:04 Hand Cart
32:21 Stone Mining
36:58 Imperial Age
37:32 Cavalier
39:55 Plate Barding Armor
40:50 Herbal Medicine
41:55 Vendel Legacy
45:01 Blast Furnace
46:09 Caravan
Popi
6:06 Loom
8:25 Feudal Age
14:35 Double-Bit Axe
21:17 Castle Age
19:37 Horse Collar
19:53 Fletching
20:01 Gold Mining
21:57 Bodkin Arrow
21:32 Crossbowman
23:05 Bow Saw
24:25 Wheelbarrow
26:21 Stone Mining
26:51 Town Watch
29:53 Heavy Plow
30:19 Hand Cart
30:56 Ballistics
31:10 Padded Archer Armor
36:46 Imperial Age
37:34 Bracer
37:01 Arbalester
38:48 Chemistry
39:13 Two-Man Saw
39:22 Conscription
40:19 Two-Man Saw
40:16 Leather Archer Armor
41:28 Yeomen
44:47 Scale Mail Armor
45:12 Squires
44:33 Pikeman
44:58 Arson
45:45 Warwolf
45:42 Halberdier
47:13 Chain Mail Armor
50:22 Plate Mail Armor
51:20 Theocracy
54:45 Elite Skirmisher
56:10 Ring Archer Armor
黑暗中漫舞.
6:15 Loom
8:46 Feudal Age
9:03 Man-at-Arms
12:35 Double-Bit Axe
20:18 Wheelbarrow
20:03 Padded Archer Armor
19:54 Fletching
24:05 Castle Age
22:37 Padded Archer Armor
22:48 Horse Collar
24:49 Bodkin Arrow
30:21 Leather Archer Armor
30:43 Bloodlines
30:46 Husbandry
33:19 Ballistics
34:45 Thumb Ring
38:38 Bow Saw
38:29 Heavy Plow
42:44 Fortified Wall
47:29 Imperial Age
45:57 Masonry
45:24 Elite Skirmisher
46:57 Hand Cart
47:50 Town Watch
48:11 Bracer
49:13 Chemistry
48:52 Ring Archer Armor
49:56 Hoardings
49:42 Conscription
51:07 Chemistry
52:13 Caravan
53:32 Pikeman
54:13 Squires
54:14 Scale Mail Armor
54:24 Forging
54:28 Halberdier
Starsky
6:01 Loom
8:38 Feudal Age
9:41 Double-Bit Axe
11:08 Horse Collar
13:17 Bloodlines
14:18 Scale Barding Armor
16:16 Wheelbarrow
20:23 Castle Age
18:40 Forging
21:29 Chain Barding Armor
21:22 Bow Saw
23:47 Husbandry
24:39 Hand Cart
26:12 Gold Mining
27:19 Town Watch
33:21 Imperial Age
32:09 Iron Casting
34:37 Plate Barding Armor
33:23 Cavalier
38:47 Blast Furnace
38:37 Vendel Legacy
42:03 Heavy Plow
44:59 Masonry
46:12 Guilds
49:43 Siege Engineers
50:08 Architecture
54:55 Two-Man Saw
53:59 Caravan
54:35 Fletching
Chase_Li
7:13 Loom
9:34 Feudal Age
9:49 Man-at-Arms
11:05 Double-Bit Axe
14:15 Double-Bit Axe
19:55 Castle Age
18:22 Horse Collar
20:58 Bow Saw
22:27 Wheelbarrow
23:13 Heavy Plow
23:34 Town Watch
25:20 Hand Cart
26:50 Gold Mining
28:46 Squires
29:19 Scale Mail Armor
32:18 Imperial Age
31:27 Forging
32:26 Capped Ram
33:52 Gold Shaft Mining
33:09 Stone Mining
33:16 Onager
34:41 Chain Mail Armor
35:34 Siege Engineers
36:30 Elite Varangian Guard
38:21 Fletching
38:31 Padded Archer Armor
39:05 Bodkin Arrow
38:42 Elite Skirmisher
39:07 Northmen's Fury
39:52 Siege Onager
40:24 Arson
41:24 Conscription
41:16 Masonry
41:34 Leather Archer Armor
43:25 Ring Archer Armor
42:36 Siege Onager
43:52 Bracer
44:15 Ballistics
45:53 Chemistry
45:26 Plate Mail Armor
45:54 Thumb Ring
45:23 Siege Ram
46:41 Iron Casting
47:12 Caravan
49:55 Hoardings
48:44 Pikeman
51:29 Halberdier
53:25 Hamask
55:09 Heavy Scorpion
Connection lost

Rejoining the realm…

Still unreachable

The connection could not be restored.

Session expired

The server has moved on; the page needs a fresh start.